 Dungeon Crawl Stone Soup version 0.29-a0-1033-gb6c65ffae6 (webtiles) character file.

Game seed: 11882214131023914620

214 purpskrrrp the Sneak (level 5, -2/42 HPs)
             Began as a Naga Enchanter on Aug 15, 2022.
             Slain by a killer bee (3 damage)
             ... on level 4 of the Dungeon.
             The game lasted 00:12:06 (3049 turns).

purpskrrrp the Sneak (Naga Enchanter)               Turns: 3049, Time: 00:12:06

Health: -2/42      AC:  6    Str: 12    XL:     5   Next: 91%
Magic:  8/8        EV: 18    Int: 16    God:
Gold:   69         SH:  0    Dex: 11    Spells: 8/8 levels left

rFire   . . .      SeeInvis +   w - +1 trident (freeze)
rCold   . . .      Faith    .   (no shield)
rNeg    . . .      Spirit   .   b - +0 robe
rPois   +          Reflect  .   k - +0 helmet
rElec   .          Harm     .   e - +0 cloak
rCorr   .          Rampage  .   i - +1 pair of gloves
Will    .....                   (no barding)
Stlth   +++.......              j - amulet of regeneration
HPRegen 0.94/turn               t - +4 ring of evasion
MPRegen 0.11/turn               r - +4 ring of evasion

@: mighty, lethally poisoned (-2 -> -3), short of breath, hasted, quick
A: AC +1, large, see invisible, deformed body, poison resistance, slowness 2,
spit poison 1, naga tail 1
a: Spit Poison


You were on level 4 of the Dungeon.
You visited 2 branches of the dungeon, and saw 5 of its levels.

You collected 199 gold pieces.
You spent 130 gold pieces at shops.

Inventory:

Hand Weapons
 a - a +1 dagger
 w - a +1 trident of freezing (weapon)
Armour
 b - a +0 robe (worn)
 e - a +0 cloak (worn)
 i - a +1 pair of gloves (worn)
 k - a +0 helmet (worn)
 u - a +1 plate armour of willpower
Jewellery
 d - a ring of resist corrosion
 j - an amulet of regeneration (around neck)
 r - a +4 ring of evasion (right hand)
 t - a +4 ring of evasion (left hand)
 v - a ring of flight
Wands
 n - a wand of roots (7)
Scrolls
 o - 2 scrolls of teleportation
Potions
 c - 2 potions of invisibility
 g - 2 potions of flight
 m - a potion of magic {unknown}
 p - a potion of curing {unknown}
 s - a potion of mutation {unknown}


   Skills:
 - Level 2.2 Short Blades
 * Level 1.3 Polearms
 + Level 2.5 Dodging
 * Level 7.0 Stealth
 + Level 2.1 Unarmed Combat
 - Level 2.0 Spellcasting
 - Level 3.0 Hexes


You had 8 spell levels left.
You didn't know any spells.
Your spell library contained the following spells:

 Spells                   Type           Power      Damage    Failure   Level
 Ensorcelled Hibernation  Hex/Ice        12%        N/A       17%         2
 Confusing Touch          Hex            11%        N/A       19%         3
 Tukima's Dance           Hex            11%        N/A       19%         3
 Passwall                 Tmut/Erth      0%         N/A       30%         2
 Dazzling Flash           Conj/Hex       12%        N/A       32%         3
 Inner Flame              Hex/Fire       6%         N/A       32%         3
 Swiftness                Air            1%         N/A       52%         3
 Cause Fear               Hex            5%         N/A       52%         4
 Discord                  Hex            5%         N/A       100%        8


Dungeon Overview and Level Annotations

Branches:
Dungeon (4/15)             Temple (1/1) D:4

Altars:
Ashenzari
Cheibriados
Dithmenos
Elyvilon
Fedhas
Hepliaklqana
Kikubaaqudgha
Okawaru
Qazlal
Ru
Trog
Uskayaw
Vehumet
Wu Jian
Xom
Yredelemnul
Zin
The Shining One

Shops:
D:1 *(!:

Annotations:
D:4 2 runed translucent doors, Crazy Yiuf


Innate Abilities, Weirdness & Mutations

Your serpentine skin is tough. (AC +1)
You have supernaturally acute eyesight. (SInv)
Armour fits poorly on your strangely shaped body.
Your system is resistant to poisons. (rPois)
You cover ground very slowly.
You can spit poison.
You have a snake-like lower body.


Message History

The killer bee stings you but does no damage.
Reach: w) +1 trident (freeze)
Press: ? - help, Dir - move target, f/p - water moccasin
Aim: a water moccasin (about 68% to evade your +1 trident of freezing)
You reach to attack!
You hit the water moccasin.
The water moccasin seems to slow down.
You freeze the water moccasin.
The water moccasin is lightly wounded.
You feel sick. The killer bee closely misses you. The killer bee misses you. x2
You feel yourself speed up.
You feel sick. The killer bee misses you. The killer bee closely misses you.
You feel very mighty all of a sudden.
You feel sick.
The water moccasin is no longer moving slowly.
The killer bee barely misses you.
You miss the killer bee.
You feel sick. The killer bee barely misses you.
The killer bee stings you but does no damage.
You puncture the killer bee! You freeze the killer bee.
The killer bee is almost dead.
You feel sick.
You are no longer poisoned.
The killer bee barely misses you.
You miss the killer bee.
The killer bee is almost dead.
The killer bee misses you. The killer bee stings you!
* * * LOW HITPOINT WARNING * * *
You are poisoned.
The killer bee poisons you!
You closely miss the killer bee.
The killer bee is almost dead.
You feel sick. The killer bee stings you.
* * * LOW HITPOINT WARNING * * *
The killer bee closely misses you.
Aiming: Spit Poison (1% risk of failure)
Press: ? - help, Q - select action, (/) - cycle Shift-Dir - straight line, f/p - water moccasin
Aim: a water moccasin (lightly wounded, 37% to hit)
The splash of poison misses the killer bee.
The splash of poison misses the water moccasin.
* * * LOW HITPOINT WARNING * * *
You feel sick. The killer bee stings you.
You die...

#...#~§§>~§~.###.#.............
#..<#~§~~~~~.# #.##............
#####.~§§§~.## #.###..#########
#..~~~..# #.....### #.
#.....### ###.....#######.
#.....# #..#'#.........
#.....#######.##[##........
#..........#..#.[.#........
##########@#.#######.......
#y#.#.....#.......
#SS.#..)..'..>....
#..#########.<....
#..#......)#......
#..'......[#.>....
#..#......)#.#####
#..#########.# # #...# +..#####


You could see a water moccasin, a killer bee and a ball python.

Vanquished Creatures
  A hound (D:4)
  An iguana (D:4)
  3 hound zombies (D:4)
  A gnoll (D:4)
  3 adders
  An adder zombie (D:4)
  3 worms
  3 dart slugs (D:3)
  An orc (D:4)
  4 bats
  5 endoplasms
  2 giant cockroaches
  3 goblins
  4 hobgoblins
  8 jackals
  5 kobolds
  3 quokkas
  4 ball pythons
  7 rats
62 creatures vanquished.

Notes
Turn   | Place    | Note
-------+----------+-------------------------------------------
     0 | D:1      | purpskrrrp the Naga Enchanter began the quest for the Orb.
     0 | D:1      | Reached XP level 1. HP: 15/15 MP: 3/3
   362 | D:1      | Found Tozytais's Book Boutique.
   373 | D:1      | Found Difiz's Distillery.
   636 | D:1      | Reached XP level 2. HP: 18/22 MP: 5/5
   799 | D:1      | Found a faded altar of an unknown god.
   862 | D:1      | Reached skill level 5 in Stealth
   878 | D:1      | Found Qanwaul's Antique Weapon Boutique.
   882 | D:1      | Found Toxt's Assorted Antiques.
  1284 | D:2      | Reached XP level 3. HP: 18/28 MP: 6/6
  1360 | D:2      | Reached skill level 1 in Unarmed Combat
  1671 | D:3      | Reached XP level 4. HP: 36/36 MP: 7/7
  1751 | D:3      | Found a broken altar of Ashenzari.
  1934 | D:3      | Found a bloodstained altar of Trog.
  1997 | D:3      | Reached skill level 6 in Stealth
  2226 | D:4      | Found a staircase to the Ecumenical Temple.
  2238 | D:4      | Identified the +10 hammer of the Stopping Scavenger
                  | {vorpal, rC+ Dex+5 Stlth+}
  2260 | D:4      | Found a runed translucent door.
  2261 | D:4      | Noticed Crazy Yiuf
  2407 | D:4      | Reached XP level 5. HP: 41/42 MP: 8/8
  2437 | Temple   | Entered the Ecumenical Temple
  2783 | D:1      | Bought a runed trident for 130 gold pieces
  2914 | D:4      | Reached skill level 1 in Polearms
  2940 | D:4      | Reached skill level 7 in Stealth
  2953 | D:4      | Found a runed translucent door.
  3027 | D:4      | Noticed a water moccasin
  3048 | D:4      | HP: 2/42 [killer bee (3)]
  3049 | D:4      | Slain by a killer bee

Illustrated notes

Levels and vault maps discovered:
D:1:      elethiomel_arrival_maze, layout_basic,
          shapermc_ecumenical_altar_pompeii, serial_shops, shop,
          nicolae_shop_window_shopping, nicolae_shop_trees, nicolae_shop_stone
D:2:      layout_rooms
D:3:      layout_basic, nicolae_ashenzari_panopticon, lightli_temple_of_fire,
          amcnicky_mini_corridor_feature, minmay_misc_feat_rows,
          serial_bayou_crossing
D:4:      kennysheep_spiral_hall, layout_rooms, minmay_temple_entry_mist,
          serial_undead, serial_undead_a, serial_undead_a, serial_undead_f,
          serial_undead_b, ebering_ghost_reflecting_pool,
          minmay_divided_ellipse, uniq_blork_the_orc, uniq_crazy_yiuf_cottage
Temple:   eino_temple_rhombus

Skill      XL: |  1  2  3  4  5 |
---------------+----------------+-----
Stealth        | 5 6 7 |  7.0
Unarmed Combat | 1 2 |  2.1
Dodging        | 2 |  2.5
Short Blades   | 2 |  2.2
Polearms       | 1 |  1.3
Spellcasting   | |  2.0
Hexes          | |  3.0

Action                   |  1- 3 |  4- 6 || total
-------------------------+-------+-------++-------
Melee: Dagger            |   125 |   124 ||   249
       Punch             |     1 |     4 ||     5
       Trident           |       |    57 ||    57
 Abil: Spit Poison       |     4 |     2 ||     6
  Use: Scroll            |     6 |     4 ||    10
       Potion            |       |     4 ||     4
 Stab: Sleeping          |    10 |     8 ||    18
       Distracted        |       |     1 ||     1
Armor: Robe              |    58 |    39 ||    97
Dodge: Dodged            |    64 |   162 ||   226

Table legend: (Time is in decaauts)
 A = Elapsed time spent in this place.
 B = Non-inter-level travel time spent in this place.
 C = Inter-level travel time spent in this place.
 D = Time resting spent in this place.
 E = Time spent auto-exploring this place.
 F = Levels seen in this place.
 G = Mean time per level.
                   A        B        C        D        E       F      G
               +--------+--------+--------+--------+--------+-----+--------+
         Total |   3912 |   3563 |    349 |    352 |   2364 |   5 |  782.4 |
       Dungeon |   3506 |   3319 |    187 |    352 |   2138 |   4 |  876.5 |
        Temple |    406 |    244 |    162 |      0 |    226 |   1 |  406.0 |
               +--------+--------+--------+--------+--------+-----+--------+

Top non-repeatable levels by time:
     D:1: 1418 daAuts
     D:3: 925 daAuts
     D:2: 608 daAuts
     D:4: 553 daAuts
  Temple: 406 daAuts
